 Dungeon Crawl Stone Soup version 0.23.0-3-gf3c87f2 (webtiles) character file.

Game seed: 7048594552718485575

1015 Azzok the Firebug (level 8, 0/46 HPs)
             Began as an Octopode Fire Elementalist on Feb 22, 2019.
             Slain by a gnoll
             ... wielding a +0 whip
              (5 damage)
             ... on level 5 of the Dungeon.
             The game lasted 00:09:11 (7729 turns).

Azzok the Firebug (Octopode Fire Elementalist)      Turns: 7729, Time: 00:09:13

Health: 0/46       AC:  1    Str:  8    XL:     8   Next: 21%
Magic:  5/15       EV: 12    Int: 19    God:
Gold:   257        SH:  0    Dex: 12    Spells: 9/17 levels left

rFire    . . .     SeeInvis .   (no weapon)
rCold    . . .     Gourm    .   (no shield)
rNeg     . . .     Faith    .   (helmet restricted)
rPois    .         Spirit   .   (no amulet)
rElec    .         Reflect  .   n - ring of stealth
rCorr    .         Harm     .   (no ring)
MR       .....                  (no ring)
Stlth    ++++......             (no ring)
HPRegen  0.15/turn              (no ring)
MPRegen  0.14/turn              (no ring)
                                (no ring)
                                (no ring)

@: very slightly contaminated, heavily drained
A: almost no armour, stealthy swim, amphibious, 8 rings, constrict 8, camouflage
1, gelatinous body 1
a: no special abilities


You were on level 5 of the Dungeon.
You were not hungry.

You visited 1 branch of the dungeon, and saw 6 of its levels.

You collected 257 gold pieces.

Inventory:

Armour
 m - a cursed -1 large shield
Jewellery
 n - a ring of stealth (left tentacle)
 s - the cursed ring of the Republic {rN+ Dex-3}
   (You took it off an orc on level 4 of the Dungeon)

   [ring of dexterity]

   It affects your dexterity (-3).
   It protects you from negative energy.
   It has a curse placed upon it.
Wands
 x - a wand of flame (19)
Scrolls
 a - 5 scrolls of identify
 e - 2 scrolls of immolation
 f - 2 scrolls of fog
 k - a scroll of fear {unknown}
 p - a scroll of noise {unknown}
 r - a scroll of magic mapping {unknown}
 t - a scroll of teleportation {unknown}
Potions
 c - 4 potions of curing
 d - 3 potions of mutation {!q}
 h - a potion of invisibility
 i - 4 potions of resistance
 j - 2 potions of heal wounds {unknown}
 l - a potion of ambrosia {unknown}
 o - a potion of degeneration {unknown}
 u - a potion of berserk rage
 w - 2 potions of flight {unknown}
Comestibles
 b - 14 rations


   Skills:
 - Level 2.0(0.4) Dodging
 - Level 2.6(1.0) Stealth
 + Level 5.2(3.5) Spellcasting
 + Level 5.2(3.5) Conjurations
 + Level 6.1(4.3) Fire Magic


You had 9 spell levels left.
You knew the following spells:

 Your Spells              Type           Power        Failure   Level  Hunger
a - Flame Tongue          Conj/Fire      ###..        2%          1    None
b - Conjure Flame         Conj/Fire      ###.....     9%          3    ###....
c - Sticky Flame          Conj/Fire      ###.....     28%         4    ####...

Your spell library contained the following spells:

 Spells                   Type           Power        Failure   Level  Hunger
 Throw Flame              Conj/Fire      ###...       4%          2    ##.....
 Inner Flame              Hex/Fire       ##......     19%         3    ###....
 Fireball                 Conj/Fire      ###.......   61%         5    ######.


Dungeon Overview and Level Annotations

Branches:
Dungeon (6/15)
 Temple: D:4-7

Altars:
Cheibriados
Fedhas
Nemelex Xobeh
Qazlal
Sif Muna
The Shining One


Innate Abilities, Weirdness & Mutations

You cannot wear most types of armour.
You are very stealthy in the water. (Stealth+)
You are amphibious.
You can wear up to eight rings at the same time.
You can use your tentacles to constrict eight enemies at once.
Your skin changes colour to match your surroundings (Stealth+).
Your rubbery body absorbs attacks. (AC +1, EV +1)


Message History

The flame tongue misses the gnoll.
The gnoll hits you from afar with a +0 spear.
The gnoll sergeant hits you from afar with a +1 spear of pain!
The gnoll misses you. The orc barely misses you.
The gnoll sergeant hits you from afar with a +1 spear of pain!
* * * LOW HITPOINT WARNING * * *
The gnoll barely misses you.
You climb upwards.
There is a stone staircase leading down here.
Casting: Flame Tongue (safe; 2% risk of failure)
Confirm with . or Enter, or press ? or * to list all spells.
Aiming: Sticky Flame (quite dangerous; 28% risk of failure)
Press: ? - help, Shift-Dir - straight line, f - orc
Aim: an orc, wearing a cursed +0 chain mail You miscast Sticky Flame.
You are very lightly contaminated with residual magic.
You feel a strange surge of energy! The orc hits you.
* * * LOW HITPOINT WARNING * * *
The gnoll hits you with a +0 whip.
You die...

··▒ ▒······▒▒▒▒▒·▒ ▒·▒ ··▒
▒·▒▒▒··▒▒▒ ▒·▒ ▒·▒ ▒·▒
▒········▒ ▒·▒ ▒·▒
▒·▒▒▒▒▒▒▒▒▒▒▒···▒ ▒·▒▒▒▒▒·▒
················▒ ▒·······▒
··▒▒▒▒▒▒▒▒▒▒▒▒··▒▒▒▒▒▒▒▒▒▒▒
·····················▒
··▒▒▒▒▒▒▒▒▒▒▒▒▒·o▒▒▒·▒
·····▒ ▒··@g<▒·▒ ·÷·▒·▒
▒·▒)▒▒▒·▒ ·▒·▒·▒▒▒▒▒▒ ▒·▒·▒
▒·▒ ·▒········▒ ▒·▒·▒ ▒·▒
·▒·▒·▒▒▒▒·▒ ▒·▒·▒ ▒·▒
·▒·▒·▒ ▒·▒ ▒·▒·▒ ▒·▒ ·▒·▒·▒
▒·▒▒▒▒·▒·▒ ▒·▒ ·▒·▒·▒
▒······▒·▒ ▒·▒ ·▒·▒·▒
▒▒▒▒▒▒▒▒▒·▒ ▒·▒


You could see a gnoll and an orc.

Vanquished Creatures
  An ice beast (D:5)
  An ogre (D:6)
  2 scorpions
  2 howler monkeys
  2 crimson imps
  A jelly (D:6)
  2 hounds
  A gnoll shaman (D:6)
  An iguana (D:5)
  Jessica (D:2)
  An orc wizard (D:4)
  3 worker ants
  2 hound skeletons
  A howler monkey zombie (D:5)
  Robin (D:2)
  8 adders
  10 gnolls
  An ooze (D:2)
  2 adder skeletons
  2 worms
  A dart slug (D:2)
  5 leopard geckos
  4 orcs
  2 giant cockroaches
  21 goblins
  4 hobgoblins
  11 jackals
  6 kobolds
  5 quokkas
  7 bats
  A frilled lizard (D:2)
  A leopard gecko skeleton (D:6)
  4 rats
117 creatures vanquished.

Notes
Turn   | Place    | Note
-------+----------+-------------------------------------------
     0 | D:1      | Azzok the Octopode Fire Elementalist began the quest for
                  | the Orb.
     0 | D:1      | Reached XP level 1. HP: 11/11 MP: 3/3
   249 | D:1      | Reached XP level 2. HP: 17/17 MP: 1/5
  1064 | D:2      | Noticed Jessica
  1069 | D:2      | Killed Jessica
  1069 | D:2      | Reached XP level 3. HP: 21/21 MP: 3/6
  1282 | D:2      | Reached XP level 4. HP: 27/27 MP: 5/8
  1309 | D:2      | Noticed Robin
  1536 | D:2      | Killed Robin
  1967 | D:2      | Reached skill level 4 in Fire Magic
  2045 | D:2      | Reached XP level 5. HP: 31/31 MP: 6/9
  3049 | D:3      | Found a faded altar of an unknown god.
  3690 | D:3      | Found a glowing golden altar of the Shining One.
  4026 | D:4      | Learned a level 3 spell: Conjure Flame
  4031 | D:4      | Learned a level 4 spell: Sticky Flame
  4200 | D:4      | Reached XP level 6. HP: 25/36 MP: 1/11
  4781 | D:4      | Found a deep blue altar of Sif Muna.
  4875 | D:4      | Identified the cursed ring of the Republic {rN+ Dex-3}
  5277 | D:4      | You fall through a shaft!
  5277 | D:5      | Entered Level 5 of the Dungeon
  5591 | D:5      | Reached skill level 5 in Fire Magic
  5591 | D:5      | Reached XP level 7. HP: 33/41 MP: 7/13
  6286 | D:5      | Found a blossoming altar of Fedhas.
  6325 | D:5      | Found a stormy altar of Qazlal.
  6325 | D:5      | Found a faded altar of an unknown god.
  6330 | D:5      | Found a snail-covered altar of Cheibriados.
  6332 | D:5      | Found a sparkling altar of Nemelex Xobeh.
  6334 | D:5      | Found a faded altar of an unknown god.
  7052 | D:6      | Reached skill level 5 in Spellcasting
  7052 | D:6      | Reached XP level 8. HP: 46/46 MP: 6/15
  7095 | D:6      | Reached skill level 5 in Conjurations
  7111 | D:6      | Reached skill level 6 in Fire Magic
  7729 | D:5      | Slain by a gnoll

Skill      XL: |  1  2  3  4  5  6  7  8 |
---------------+-------------------------+-----
Conjurations   | 2 3 4 5 |  5.2
Spellcasting   | 3 4 5 |  5.2
Fire Magic     | 4 5 6 |  6.1
Dodging        | |  2.0
Stealth        | |  2.6

Action                   |  1- 3 |  4- 6 |  7- 9 || total
-------------------------+-------+-------+-------++-------
Melee: Unarmed           |    10 |    12 |    24 ||    46
       Constrict         |     3 |     3 |     3 ||     9
       Tentacles         |     1 |       |       ||     1
 Cast: Flame Tongue      |    36 |   153 |    82 ||   271
       Sticky Flame      |       |     3 |     6 ||     9
  Use: Scroll            |       |       |    10 ||    10
 Stab: Sleeping          |       |       |     1 ||     1
  Eat: Chunk             |     1 |    13 |     5 ||    19
       Ration            |       |       |     1 ||     1
Armor: Skin              |     1 |     7 |     4 ||    12
Dodge: Dodged            |    17 |    64 |    46 ||   127
